 Dungeon Crawl Stone Soup version 0.27-a0-1532-gca18f49f40 (webtiles) character file.

Game seed: 17704358909899946991

1271 flotson the Skirmisher (level 8, 0/60 (63) HPs)
             Began as a Demonspawn Delver on July 12, 2021.
             Was an Initiate of Gozag.
             Splashed by an acid dragon's acid (11 damage)
             ... on level 5 of the Dungeon.
             The game lasted 00:13:10 (8025 turns).

flotson the Skirmisher (Demonspawn Delver)          Turns: 8025, Time: 00:13:11

HP:   0/60 (63)     AC: -1    Str: 15    XL:     8   Next: 28%
MP:   0/8           EV: 12    Int: 12    God:    Gozag
Gold: 281           SH:  0    Dex: 14    Spells: 7/7 levels left

rFire    + . .     SeeInvis .   l - +0 battleaxe
rCold    . . .     Faith    .   (shield currently unavailable)
rNeg     . . .     Spirit   +   e - +0 ring mail
rPois    .         Reflect  .   (helmet unavailable)
rElec    .         Harm     .   (no cloak)
rCorr    .         Rampage  .   (no gloves)
Will     .....                  (no boots)
Stlth    ++........             j - amulet of guardian spirit
HPRegen  0.20/turn              w - ring of protection from fire
MPRegen  0.11/turn              (no ring)

@: corroded, hasted, lightly drained, very quick
A: horns 3, rugged brown scales 1, foul stench 1
a: Renounce Religion, Potion Petition, Call Merchant, Bribe Branch


You were on level 5 of the Dungeon.
You worshipped Gozag.
Gozag was aware of your devotion.
You visited 1 branch of the dungeon, and saw 6 of its levels.

You collected 377 gold pieces.
You spent 66 gold pieces at shops.
You paid 30 gold pieces to Gozag.

Inventory:

Hand Weapons
 a - a +0 hand axe
 l - a +0 battleaxe (weapon)
Missiles
 d - 16 boomerangs (quivered)
 s - 3 poisoned darts
 A - 3 throwing nets
Armour
 e - a +0 ring mail (worn)
 B - a +0 tower shield
Jewellery
 b - a ring of fire
 j - an amulet of guardian spirit (around neck)
 w - a ring of protection from fire (left hand)
Wands
 g - a wand of digging (2)
 h - a wand of acid (7)
 k - a wand of polymorph (6)
Scrolls
 c - a scroll of fog
 f - 2 scrolls of amnesia {unknown}
 o - a scroll of noise
 p - 4 scrolls of teleportation
 u - a scroll of summoning {unknown}
 x - a scroll of magic mapping
Potions
 i - a potion of heal wounds
 m - a potion of brilliance {unknown}
 n - 3 potions of flight {unknown}
 q - a potion of haste
 r - a potion of lignification {unknown}
 v - a potion of might {unknown}
 z - a potion of magic {unknown}


   Skills:
 + Level 5.0 Fighting
 + Level 4.1 Axes
 + Level 3.1 Throwing
 + Level 3.5 Armour
 + Level 4.1 Dodging
 - Level 4.5 Stealth
 + Level 3.9 Evocations


You had 7 spell levels left.
You didn't know any spells.
Your spell library contained the following spells:

 Spells                   Type           Power      Damage    Failure   Level
 Foxfire                  Conj/Fire      0%         2x1d4     54%         1
 Magic Dart               Conj           0%         1d3       54%         1
 Poisonous Vapours        Pois/Air       0%         N/A       67%         2
 Searing Ray              Conj           0%         3d3       67%         2
 Conjure Flame            Conj/Fire      0%         6-21      88%         3
 Inner Flame              Hex/Fire       0%         N/A       88%         3
 Mephitic Cloud           Conj/Pois/Air  0%         N/A       88%         3
 Fulminant Prism          Conj/Hex       0%         3d6       99%         4
 Freezing Cloud           Conj/Ice/Air   0%         6-21      100%        5


Dungeon Overview and Level Annotations

Branches:
Dungeon (6/15)             Temple (0/1) D:4

Altars:
Cheibriados
Gozag

Shops:
D:1 ??   D:5 [


Innate Abilities, Weirdness & Mutations

You have a pair of large horns on your head.
You are partially covered in rugged brown scales. (AC +1, +3% HP)
You may rarely emit foul miasma when damaged in melee.


Message History

The acid dragon claws you but does no damage.
You closely miss the acid dragon.
The acid dragon is moderately wounded.
The acid dragon spits acid at you. The splash of acid hits you!
You are splashed with acid!
You closely miss the acid dragon.
The acid dragon is moderately wounded.
The acid dragon bites you but does no damage.
The acid dragon claws you but does no damage.
The acid dragon bites you.
The acid dragon claws you but does no damage.
You closely miss the acid dragon.
The acid dragon is moderately wounded.
The acid dragon closely misses you. The acid dragon misses you.
You hit the acid dragon but do no damage.
You headbutt the acid dragon, but do no damage.
The acid dragon is moderately wounded.
The acid dragon closely misses you.
The acid dragon claws you but does no damage.
The acid dragon barely misses you.
The acid dragon claws you but does no damage.
Aiming: Corrosive Bolt
Press: ? - help, Shift-Dir - straight line, f/p - acid dragon
Aim: an acid dragon (moderately wounded, 74% to hit)
The bolt of acid misses the acid dragon.
The acid dragon misses you. The acid dragon claws you.
You feel much better. The acid dragon spits acid at you.
The splash of acid hits you! The acid corrodes you!
You are splashed with acid!
You see here 3 javelins.
You feel yourself speed up. The acid dragon bites you!
The acid dragon claws you.
* * * LOW HITPOINT WARNING * * *
You see here a javelin.
The acid dragon spits acid at you. The splash of acid hits you!
* * * LOW HITPOINT WARNING * * *
The acid corrodes you!
You are splashed with acid!
You die...
Your body crumbles into a pile of gold.

#.###### #.# ###### #......#
#.# #....# #.####.# #.#
#.##.# #.# #.#####.#######
#.##.# #.####.##..........#
#.##.# #............#####.#
#####.##.## #.####.)....##
#.#
......#...####(###.[>###.###
#.# ######.###.....(@(.[.#
#...# ##.# #.##
##.##.###...###.#.###.#. #.#
#....# ##D.....#....### #.##
##.#######.##.#######.#.
#..###.............# ##.#
#.#...#########.##.# #.#
###.##.#### #.##.########.#
#.........# #.##..........#
###.#.##.##.#
#.........#####


You could see an acid dragon (catching breath).

Vanquished Creatures
  2 ogres
  A phantom (D:5)
  2 scorpions
  A water moccasin skeleton (D:5)
  4 wights
  A howler monkey (D:5)
  A jelly (D:3)
  2 orc priests
  4 hounds
  2 bullfrog skeletons
  A centaur skeleton (D:4)
  Jessica (D:2)
  2 iguanas
  2 orc wizards
  A killer bee zombie (D:6)
  A hound skeleton (D:4)
  4 gnolls
  5 adders
  2 ufetubi (D:5)
  3 worms
  2 dart slugs
  11 orcs
  5 endoplasms
  4 giant cockroaches
  8 hobgoblins
  10 jackals
  2 kobolds
  4 quokkas
  4 ball pythons
  4 bats
  A frilled lizard (D:2)
  8 goblins
  7 rats
112 creatures vanquished.

Vanquished Creatures (others)
  5 plants (D:2)
5 creatures vanquished.

Grand Total: 117 creatures vanquished

Notes
Turn   | Place    | Note
-------+----------+-------------------------------------------
     0 | D:5      | flotson the Demonspawn Delver began the quest for the Orb.
     0 | D:5      | Reached XP level 1. HP: 18/18 MP: 1/1
     2 | D:5      | Noticed a howler monkey
    23 | D:5      | Found a snail-covered altar of Cheibriados.
   441 | D:5      | Noticed a hound
   449 | D:5      | Found Vimaese's Armour Shop.
   505 | D:5      | Reached skill level 1 in Evocations
   505 | D:5      | Gained mutation: You may rarely emit foul miasma when
                  | damaged in melee. [demonic ancestry]
   505 | D:5      | Reached XP level 2. HP: 4/24 MP: 2/2
   505 | D:5      | Gained mutation: You are partially covered in rugged brown
                  | scales. (AC +1, +3% HP) [demonic ancestry]
   505 | D:5      | Reached XP level 3. HP: 4/29 MP: 3/3
   835 | D:5      | Noticed an ogre
   861 | D:5      | Noticed an ogre
   901 | D:5      | Noticed a phantom
   906 | D:5      | Reached skill level 1 in Armour
   906 | D:5      | Gained mutation: You have a pair of small horns on your
                  | head. [demonic ancestry]
   906 | D:5      | Reached XP level 4. HP: 32/36 MP: 4/4
   969 | D:5      | Noticed a scorpion
  1633 | D:4      | Reached XP level 5. HP: 11/43 MP: 5/5
  2495 | D:1      | Found a faded altar of an unknown god.
  2508 | D:1      | Found a faded altar of an unknown god.
  2576 | D:1      | Found Myorar's Magic Scroll Shoppe.
  2577 | D:1      | Found Voymef's Magic Scroll Boutique.
  2582 | D:1      | Bought a scroll of noise for 11 gold pieces
  2582 | D:1      | Bought a scroll of teleportation for 33 gold pieces
  2650 | D:1      | Reached skill level 1 in Throwing
  2763 | D:1      | Bought a scroll of identify for 22 gold pieces
  3244 | D:2      | Noticed Jessica
  3260 | D:2      | Killed Jessica
  3261 | D:2      | Reached XP level 6. HP: 29/49 MP: 3/6
  3779 | D:2      | Reached skill level 4 in Fighting
  4000 | D:3      | Found an opulent altar of Gozag.
  4454 | D:3      | Became a worshipper of Gozag Ym Sagoz the Greedy
  5168 | D:4      | Found a staircase to the Ecumenical Temple.
  5745 | D:4      | Gained mutation: You have a pair of horns on your head.
                  | [demonic ancestry]
  5745 | D:4      | Reached XP level 7. HP: 17/55 MP: 2/7
  7059 | D:6      | Gained mutation: You have a pair of large horns on your
                  | head. [demonic ancestry]
  7059 | D:6      | Reached XP level 8. HP: 33/62 MP: 4/8
  7457 | D:5      | Reached skill level 5 in Fighting
  8025 | D:5      | Splashed by an acid dragon's acid

Illustrated notes

Levels and vault maps discovered:
D:1:      wander_arrival_chamber, layout_basic, serial_shops, shop,
          nicolae_lakefront_shop, hellmonk_ecumenical_altar_the_god_not_taken
D:2:      cheibrodos_old_hovel, layout_basic, uniq_jessica
D:3:      layout_loops_ring, grunt_gozag_statues, minmay_misc_feat_cross,
          minmay_hedge_maze
D:4:      layout_basic, minmay_temple_entry_tees,
          chequers_serial_rivers_micro_a, hangedman_decor_diamond_cutter,
          minmay_misc_feat_chi
D:5:      layout_loops_ring, slow_altar_1, serial_shops, shop
D:6:      layout_rooms, amcnicky_altar_gilded

Skill      XL: |  1  2  3  4  5  6  7  8 |
---------------+-------------------------+-----
Axes           | 2 3 4 |  4.1
Dodging        | 2 3 4 |  4.1
Evocations     | 1 2 3 |  3.9
Armour         | 1 2 3 |  3.5
Throwing       | 1 2 3 |  3.1
Fighting       | 4 5 |  5.0
Stealth        | |  4.5

Action                   |  1- 3 |  4- 6 |  7- 9 || total
-------------------------+-------+-------+-------++-------
Melee: Hand axe          |    20 |    93 |       ||   113
       Headbutt          |       |    34 |    15 ||    49
       Battleaxe         |       |   124 |   115 ||   239
Throw: Boomerang         |       |    16 |     9 ||    25
       Dart              |       |       |     4 ||     4
       Javelin           |       |       |     4 ||     4
Evoke: Wand              |       |     3 |     1 ||     4
  Use: Scroll            |       |     4 |     1 ||     5
       Potion            |       |     1 |     3 ||     4
 Stab: Sleeping          |     1 |     9 |       ||    10
       Distracted        |       |       |     2 ||     2
Armor: Leather armour    |     4 |    11 |       ||    15
       Ring mail         |       |    90 |    53 ||   143
Dodge: Dodged            |     8 |   168 |   143 ||   319

Table legend: (Time is in decaauts)
 A = Elapsed time spent in this place.
 B = Non-inter-level travel time spent in this place.
 C = Inter-level travel time spent in this place.
 D = Time resting spent in this place.
 E = Time spent auto-exploring this place.
 F = Levels seen in this place.
 G = Mean time per level.
                   A        B        C        D        E       F      G
               +--------+--------+--------+--------+--------+-----+--------+
         Total |   8174 |   7773 |    401 |   1216 |   5199 |   6 | 1362.3 |
       Dungeon |   8174 |   7773 |    401 |   1216 |   5199 |   6 | 1362.3 |
               +--------+--------+--------+--------+--------+-----+--------+

Top non-repeatable levels by time:
     D:5: 2530 daAuts
     D:4: 2064 daAuts
     D:3: 1156 daAuts
     D:2: 1053 daAuts
     D:1: 1006 daAuts
     D:6: 363 daAuts
